 Dungeon Crawl Stone Soup version 0.26.1-11-gd32895ea62 (webtiles) character file.

Game seed: 10882013759182625488

160 Descartes the Ruffian (level 5, -1/27 HPs)
             Began as a Vine Stalker Chaos Knight on June 19, 2021.
             Was a Plaything of Xom.
             Slain by Pikel
             ... wielding a +2 whip of freezing
              (2 damage)
             ... on level 4 of the Dungeon.
             The game lasted 00:02:30 (1924 turns).

Descartes the Ruffian (Vine Stalker Chaos Knight)   Turns: 1924, Time: 00:02:30

Health: -1/27      AC:  5    Str: 17    XL:     5   Next: 41%
Magic:  0/6        EV: 11    Int: 12    God:    Xom [....*.]
Gold:   921        SH:  0    Dex: 14    Spells: 4/4 levels left

rFire    . . .     SeeInvis .     - Unarmed
rCold    . . .     Faith    +   (no shield)
rNeg     . . .     Spirit   +   a - +2 leather armour
rPois    .         Reflect  .   (no helmet)
rElec    .         Harm     .   (no cloak)
rCorr    .         Rampage  .   (no gloves)
Will     .....                  (no boots)
Stlth    +.........             o - amulet of faith
HPRegen  0.49/turn              (no ring)
MPRegen  0.10/turn              (no ring)

@: no status effects
A: fangs 2, talons 1, blink, sense surroundings 1, regeneration 1, strong 1,
magic shield, antimagic bite, no potion heal 3
a: Blink, Renounce Religion


You were on level 4 of the Dungeon.
You worshipped Xom.
You were a beloved toy of Xom.
You visited 1 branch of the dungeon, and saw 3 of its levels.

You collected 921 gold pieces.

Inventory:

Missiles
 d - 14 poisoned darts (quivered)
 j - 27 stones
 l - 47 sling bullets
Armour
 a - a +2 leather armour (worn)
Jewellery
 h - an uncursed amulet of the acrobat
 o - an amulet of faith (around neck)
 q - a +6 ring of intelligence {unknown}
 s - a +6 ring of strength {unknown}
Scrolls
 c - 3 scrolls of identify {unknown}
 f - 2 scrolls of remove curse {unknown}
 g - a scroll of enchant armour {unknown}
 i - a scroll of random uselessness {unknown}
 p - a scroll of noise {unknown}
 t - a scroll of blinking {unknown}
Potions
 b - 2 potions of resistance {unknown}
 e - 3 potions of flight {unknown}
 k - a potion of might {unknown}
 m - 2 potions of degeneration {unknown}
 n - a potion of lignification {unknown}
 r - a potion of haste {unknown}


   Skills:
 - Level 2.6 Fighting
 - Level 1.5 Armour
 - Level 0.7 Dodging
 + Level 5.9 Unarmed Combat


You had 4 spell levels left.
You didn't know any spells.
Your spell library was empty.

Dungeon Overview and Level Annotations

Branches:
Dungeon (2/15)

Altars:
Fedhas
Kikubaaqudgha
Xom

Annotations:
D:4 Pikel


Innate Abilities, Weirdness & Mutations

You have extremely sharp teeth.
Your natural rate of healing is unusually fast.
When hurt, damage is shared between your health and your magic reserves.
Your bite disrupts and absorbs the magic of your enemies.
Potions cannot restore your health.
You have sharp toenails.
You can translocate small distances at will.
You passively map a small area around you.
Your muscles are strong. (Str +2)


Message History

You closely miss Pikel. You claw Pikel. Your bite misses Pikel.
Pikel is lightly wounded.
Xom's power touches on a nearby monster.
Your iron imp evaporates and reforms as a quasit!
Pikel barely misses you.
The lemure completely misses your quasit.
Your quasit bites Pikel.
Your quasit closely misses Pikel.
Your quasit claws Pikel but does no damage.
Your iron imp hits the lemure!
The lemure closely misses your quasit.
Xom's power touches on a nearby monster.
Your quasit evaporates and reforms as a shadow imp!
The lemure hits your shadow imp.
You hit Pikel. Your kick misses Pikel. You bite Pikel, but do no damage.
Pikel is lightly wounded.
Pikel hits you with a +2 whip of freezing.
* * * LOW HITPOINT WARNING * * *
Pikel freezes you.
You die...
Xom titters!

* , ,, ,..# * * #.#
, , * * * #.# , * ,
#.# ,, ,* , , #.# ,
##** ,.##, , #.# ..
, ....# #.# *.##
#...###@####...###
, ,
,#.....K..........,
** *
#.######5####...###
, ...............##
#.#####5######## *
########5#
......55.#
.#.#.#.##.# , , .5.
##


You could see Pikel, 3 lemures and a friendly shadow imp (summoned).

Vanquished Creatures
  An ogre (D:4)
  3 adders (D:2)
  An ooze (D:2)
  A worm (D:2)
  A dart slug (D:2)
  A leopard gecko (D:1)
  A ball python (D:1)
  A giant cockroach (D:2)
  5 hobgoblins
  2 jackals (D:2)
  A quokka (D:4)
  6 bats
  5 goblins
  5 kobolds
  4 rats
38 creatures vanquished.

Notes
Turn   | Place    | Note
-------+----------+-------------------------------------------
     0 | D:1      | Descartes the Vine Stalker Chaos Knight began the quest for
                  | the Orb.
     0 | D:1      | Reached XP level 1. HP: 11/11 MP: 2/2
   157 | D:1      | Reached XP level 2. HP: 12/16 MP: 1/3
   242 | D:1      | XOM: 5-stop teleportation journey
   417 | D:1      | XOM: scenery: create altars
   753 | D:1      | XOM is BORED!
   996 | D:2      | XOM: stealth player
  1039 | D:2      | Reached skill level 4 in Unarmed Combat
  1050 | D:2      | Found an ancient bone altar of Kikubaaqudgha.
  1064 | D:2      | Reached XP level 3. HP: 18/19 MP: 4/4
  1118 | D:2      | XOM: silly message
  1272 | D:2      | XOM: scenery: create altars
  1311 | D:2      | XOM: god gift: 778 gold pieces
  1413 | D:2      | XOM: give mutations
  1413 | D:2      | Gained mutation: You can translocate small distances at
                  | will. [Xom's grace]
  1413 | D:2      | Gained mutation: You have sharp toenails. [Xom's grace]
  1413 | D:2      | Gained mutation: Your muscles are strong. (Str +2) [Xom's
                  | grace]
  1413 | D:2      | Gained mutation: You passively map a small area around you.
                  | [Xom's grace]
  1445 | D:2      | Found a blossoming altar of Fedhas.
  1653 | D:2      | Gained mutation: Your natural rate of healing is unusually
                  | fast. [Vine Stalker growth]
  1653 | D:2      | Reached XP level 4. HP: 21/23 MP: 5/5
  1809 | D:2      | Reached skill level 5 in Unarmed Combat
  1888 | D:2      | You fall into a shaft and drop 2 floors!
  1902 | D:4      | Noticed an ogre
  1903 | D:4      | Noticed a lemure
  1905 | D:4      | Noticed a lemure
  1906 | D:4      | Killed an ogre
  1906 | D:4      | Noticed a lemure
  1907 | D:4      | Reached XP level 5. HP: 27/27 MP: 6/6
  1907 | D:4      | Noticed Pikel
  1907 | D:4      | Noticed a lemure
  1915 | D:4      | XOM: summons 2 friendly demons
  1919 | D:4      | XOM: polymorph iron imp -> quasit
  1921 | D:4      | XOM: polymorph quasit -> shadow imp
  1924 | D:4      | HP: 1/27 [Pikel/+2 whip of freezing (4)]
  1924 | D:4      | Slain by Pikel

Illustrated notes

Levels and vault maps discovered:
D:1:      minmay_arrival_wavy_path, layout_loops_cross,
          chequers_serial_rivers_micro_b, minmay_circled_x
D:2:      layout_basic, overflow_temple_1_default,
          lemuel_coloured_pillars_altar, minmay_hexomino_r4
D:4:      layout_loops_ring, hangedman_minor_gate_pass, uniq_pikel

Skill      XL: |  1  2  3  4 |
---------------+-------------+-----
Unarmed Combat | 4 5 |  5.9
Fighting       | |  2.6
Armour         | |  1.5
Dodging        | |  0.7

Action                   |  1- 3 |  4- 6 || total
-------------------------+-------+-------++-------
Melee: Unarmed           |   115 |    28 ||   143
       Bite              |    16 |     7 ||    23
       Kick              |     7 |    11 ||    18
       Punch             |       |     1 ||     1
Armor: Leather armour    |    36 |     9 ||    45
Dodge: Dodged            |    76 |    12 ||    88
